 Dungeon Crawl Stone Soup version 0.29.0-4-gdea44cf6ec (webtiles) character file.

Game seed: 12330407930533865793

7 qw the Firebug (level 2, -1/22 HPs)
             Began as a Ghoul Fire Elementalist on Aug 30, 2022.
             Slain by a gnoll
             ... wielding a +0 spear
              (9 damage)
             ... on level 1 of the Dungeon.
             The game lasted 00:00:21 (890 turns).

qw the Firebug (Ghoul Fire Elementalist)             Turns: 890, Time: 00:00:22

Health: -1/22      AC:  2    Str: 11    XL:     2   Next: 4%
Magic:  3/3        EV: 12    Int: 10    God:
Gold:   5          SH:  0    Dex:  9    Spells: 3/4 levels left

rFire   . . .      SeeInvis .     - Unarmed
rCold   + . .      Faith    .   (no shield)
rNeg    + + +      Spirit   .   a - +0 robe
rPois   inf        Reflect  .   (no helmet)
rElec   .          Harm     .   (no cloak)
rCorr   .          Rampage  .   (no gloves)
Will    .....                   (no boots)
Stlth   ++........              (no amulet)
HPRegen 0.00/turn               (no ring)
MPRegen 0.08/turn               (no ring)

@: inhibited regen
A: claws 1, cold resistance 1, negative energy resistance 3, inhibited
regeneration, torment resistance 2, devour on kill
a: no special abilities


You were on level 1 of the Dungeon.
You visited 1 branch of the dungeon, and saw 1 of its levels.

You collected 5 gold pieces.


Innate Abilities, Weirdness & Mutations

You are immune to poison.
You have sharp fingernails.
Your flesh is cold resistant. (rC+)
You are immune to negative energy. (rN+++)
You do not regenerate when monsters are visible.
You are immune to unholy pain and torment.
You thrive by killing the living.


   Skills:
 + Level 0.9 Fighting
 - Level 1.7 Dodging
 - Level 2.1 Stealth
 - Level 1.3 Unarmed Combat
 - Level 1.7 Spellcasting
 - Level 0.7 Conjurations
 - Level 2.4 Fire Magic


You had 3 spell levels left.
You knew the following spells:

 Your Spells              Type           Power      Damage    Failure   Level
a - Foxfire               Conj/Fire      16%        2x1d4     17%         1

Your spell library contained the following spells:

 Spells                   Type           Power      Damage    Failure   Level
 Scorch                   Fire           10%        2d5       19%         2
 Conjure Flame            Conj/Fire      4%         6-21      45%         3
 Inner Flame              Hex/Fire       3%         N/A       52%         3
 Flame Wave               Conj/Fire      4%         2d5       86%         4

Inventory:

Armour
 a - a +0 robe (worn)
Jewellery
 e - a ring of fire
Scrolls
 c - a scroll of magic mapping {unknown}
Potions
 b - a potion of magic
 d - a potion of ambrosia {unknown}

Dungeon Overview and Level Annotations

Branches:
Dungeon (1/15)

Altars:


Message History

Found a diamond ring.
You scratch the bat.
The bat is moderately wounded.
The bat hits you. The bat hits you but does no damage.
You scratch the bat.
You kill the bat!
You feel better.
You have reached level 2!
e - a ring of fire
Found a stone staircase leading down.
A gnoll comes into view. It is wielding a +0 spear.
674 ||| Stepping ~*~*~tactically~*~*~ (hiding).
You start waiting.
Done waiting.
776 ||| Stepping ~*~*~tactically~*~*~ (hiding).
You start waiting.
Done waiting.
The gnoll shouts!
878 ||| Stepping ~*~*~tactically~*~*~ (hiding).
You start waiting.
A gnoll is nearby!
880 ||| Stepping ~*~*~tactically~*~*~ (hiding).
You start waiting.
A gnoll is nearby!
882 ||| Stepping ~*~*~tactically~*~*~ (hiding).
You start waiting.
A gnoll is nearby!
The gnoll hits you but does no damage. The gnoll hits you with a +0 spear!
You scratch the gnoll.
The gnoll is moderately wounded.
The gnoll hits you with a +0 spear.
You scratch the gnoll.
The gnoll is moderately wounded.
The gnoll closely misses you.
You barely miss the gnoll.
The gnoll is moderately wounded.
The gnoll hits you with a +0 spear!
You die...

..# ..# ######..# ### .$..#..#
...> ......# ..... .....
PPP...#..# ...PP..g.##
....P.##@.# .Pg....##.## . P.P.
...#..##### # .. .
P..PP....#.....#####.#... #####.
PPPP...#.#####........... .....#
. ...###..#######.##.#... .....+
.......%...............
.....############...#####.#####..
##............. ###.....#.#


You could see a gnoll.

Vanquished Creatures
  A dart slug (D:1)
  A bat (D:1)
  A goblin (D:1)
  2 ball pythons (D:1)
  A frilled lizard (D:1)
6 creatures vanquished.

Notes
Turn   | Place    | Note
-------+----------+-------------------------------------------
     0 | D:1      | qw the Ghoul Fire Elementalist began the quest for the Orb.
     0 | D:1      | Reached XP level 1. HP: 14/14 MP: 2/2
     0 | D:1      | 0 ||| qw: Version: 0.1-a-90-g952f4b7
     0 | D:1      | 0 ||| qw: Game counter: 4328
     0 | D:1      | 0 ||| qw: Always use a shield: true
     0 | D:1      | 0 ||| qw: God list: Okawaru
     0 | D:1      | 0 ||| qw: Allow faded altars: false
     0 | D:1      | 0 ||| qw: Do Orc after D:15 true
     0 | D:1      | 0 ||| qw: Do second Lair branch before Depths: true
     0 | D:1      | 0 ||| qw: Lair rune preference: random
     0 | D:1      | 0 ||| qw: Plans: Normal
     0 | D:1      | 0 ||| PLANNING D:1-11
    10 | D:1      | 10 ||| Stepping ~*~*~tactically~*~*~ (stealth).
   260 | D:1      | 260 ||| Stepping ~*~*~tactically~*~*~ (hiding).
   401 | D:1      | 401 ||| Stepping ~*~*~tactically~*~*~ (hiding).
   412 | D:1      | Reached skill level 1 in Unarmed Combat
   651 | D:1      | Reached XP level 2. HP: 22/22 MP: 3/3
   674 | D:1      | 674 ||| Stepping ~*~*~tactically~*~*~ (hiding).
   776 | D:1      | 776 ||| Stepping ~*~*~tactically~*~*~ (hiding).
   878 | D:1      | 878 ||| Stepping ~*~*~tactically~*~*~ (hiding).
   880 | D:1      | 880 ||| Stepping ~*~*~tactically~*~*~ (hiding).
   882 | D:1      | 882 ||| Stepping ~*~*~tactically~*~*~ (hiding).
   890 | D:1      | Slain by a gnoll

Levels and vault maps discovered:
D:1:      lightli_molten_gateway, layout_basic, serial_shops,
          nicolae_shop_competitors_out_of_business,
          chequers_serial_rivers_micro_b, nicolae_grassy_gnolls

Skill      XL: |  1 |
---------------+----+-----
Unarmed Combat | 1 |  1.3
Fighting       | |  0.9
Dodging        | |  1.7
Stealth        | |  2.1
Spellcasting   | |  1.7
Conjurations   | |  0.7
Fire Magic     | |  2.4

Action                   || total
-------------------------++-------
Melee: Unarmed           ||    30
       Punch             ||     1
Armor: Robe              ||     4
Dodge: Dodged            ||    14

Table legend:
 A = Non-vault XP
 B = Vault XP
 C = Vault XP percentage of total XP
 D = Non-vault monster count
 E = Vault monster count
 F = Vault count percentage of total count
                 A         B        C        D         E       F
            +---------+---------+-------+---------+---------+-------
      Total |      11 |       0 |   0.0 |       6 |       0 |   0.0
            +---------+---------+-------+---------+---------+-------
        D:1 |      11 |       0 |   0.0 |       6 |       0 |   0.0
            +---------+---------+-------+---------+---------+-------
